 Dungeon Crawl Stone Soup version 0.26-a0-264-g3a471323bd (webtiles) character file.

Game seed: 7994974808251948749

2886 Gargoyl the Covered (level 9, -4/74 HPs)
             Began as a Centaur Abyssal Knight on July 11, 2020.
             Was an Elder of Lugonu.
             Slain by a brown ugly thing (13 damage)
             ... on level 11 of the Dungeon.
             The game lasted 00:09:59 (8525 turns).

Gargoyl the Covered (Centaur Abyssal Knight)        Turns: 8525, Time: 00:09:59

Health: -4/74      AC:  6    Str: 16    XL:     9   Next: 48%
Magic:  13/13      EV:  3    Int: 11    God:    Lugonu [****..]
Gold:   380        SH:  3    Dex: 11    Spells: 8/8 levels left

rFire    . . .     SeeInvis +   a - +2 hand axe
rCold    . . .     Faith    .   o - +0 buckler
rNeg     . . .     Spirit   .   e - +0 chain mail
rPois    .         Reflect  .   (no helmet)
rElec    .         Harm     .   (no cloak)
rCorr    .                      (no gloves)
MR       .....                  m - +0 centaur barding
Stlth    ..........             g - amulet of regeneration
HPRegen  0.62/turn              n - ring of see invisible
MPRegen  0.13/turn              (no ring)

@: corroded, very quick
A: large, hooves 3, deformed body, speed 2, tough skin 3
a: Depart the Abyss, Bend Space, Banish, Corrupt, Renounce Religion


You were on level 11 of the Dungeon.
You worshipped Lugonu.
Lugonu was greatly pleased with you.
You were not hungry.

You visited 1 branch of the dungeon, and saw 10 of its levels.
You visited the Abyss 1 time.

You collected 380 gold pieces.

Inventory:

Hand Weapons
 a - a +2 hand axe (weapon)
Armour
 e - a +0 chain mail (worn)
 m - a +0 centaur barding (worn)
 o - a +0 buckler (worn)
Jewellery
 g - an amulet of regeneration (around neck)
 n - a ring of see invisible (left hand)
Wands
 r - a wand of polymorph (12)
 s - a wand of paralysis (8)
Scrolls
 b - 2 scrolls of blinking
 i - 12 scrolls of remove curse
 k - a scroll of identify
Potions
 d - 2 potions of flight {unknown}
 f - a potion of stabbing {unknown}
 h - a potion of heal wounds
 j - 3 potions of curing {unknown}
 l - 3 potions of brilliance {unknown}
 q - 3 potions of mutation {unknown}
 t - a potion of lignification {unknown}
 u - 2 potions of cancellation {unknown}
Comestibles
 c - 18 rations


   Skills:
 + Level 5.2 Fighting
 + Level 5.9 Axes
 * Level 6.2 Armour
 * Level 3.7 Dodging
 + Level 1.0 Shields
 * Level 5.5 Invocations
 + Level 0.3 Evocations


You had 8 spell levels left.
You didn't know any spells.
Your spell library contained the following spells:

 Spells                   Type           Power        Failure   Level
 Animate Skeleton         Necr           #.....       100%        1
 Apportation              Tloc           #.....       100%        1
 Beastly Appendage        Tmut           #.....       100%        1
 Corona                   Hex            #......      100%        1
 Summon Small Mammal      Summ           #...         100%        1
 Sticks to Snakes         Tmut           #.......     100%        2
 Confusing Touch          Hex            #.......     100%        3
 Gell's Gravitas          Tloc           #.........   100%        3
 Spider Form              Tmut/Pois      #.........   100%        3
 Ice Form                 Ice/Tmut       #.......     100%        4
 Petrify                  Tmut/Erth      #.......     100%        4
 Blade Hands              Tmut           #.........   100%        5
 Metabolic Englaciation   Hex/Ice        #.........   100%        5
 Yara's Violent Unravell  Hex/Tmut       #.........   100%        5


Dungeon Overview and Level Annotations

Branches:
Dungeon (11/15)            Temple (0/1) D:6
   Lair: D:8-11         Orc: D:9-12

Altars:
Ashenzari
Hepliaklqana
Ru
Uskayaw
Xom


Innate Abilities, Weirdness & Mutations

You have hooves in place of feet.
Armour fits poorly on your strangely shaped body.
You cover ground very quickly.
You have extremely tough skin. (AC +3)


Message History

You kick the brown ugly thing!
The brown ugly thing is moderately wounded.
The brown ugly thing stings you!
You are splashed with acid!
You hit the brown ugly thing but do no damage.
You kick the brown ugly thing, but do no damage.
The brown ugly thing is moderately wounded.
The brown ugly thing stings you! The acid corrodes you!
You are splashed with acid!
* * * LOW HITPOINT WARNING * * *
You hit the brown ugly thing but do no damage.
The brown ugly thing is moderately wounded.
The brown ugly thing stings you.
* * * LOW HITPOINT WARNING * * *
The acid corrodes you!
You are splashed with acid!
* * * LOW HITPOINT WARNING * * *
You hit the brown ugly thing but do no damage.
Your kick misses the brown ugly thing.
The brown ugly thing is moderately wounded.
The brown ugly thing stings you!
You die...

... #.#
#.# #.#
#.# #.#
#.# #@#
#u.....#
#......#
#..##..#
#..# .#
#..# ..
#..# #
...#


You could see a brown ugly thing.

Vanquished Creatures
  3 yaks (D:6)
  Menkaure (D:6)
  3 sky beasts
  An ice beast (D:5)
  2 ogres (D:4)
  2 centaurs (D:6)
  A wyvern zombie (D:6)
  2 bullfrogs
  6 killer bees
  4 wights (D:6)
  A howler monkey (D:4)
  3 hounds
  An orc priest (D:4)
  A gnoll shaman (D:4)
  A jelly (D:6)
  3 orc wizards (D:6)
  2 iguanas
  11 worker ants
  2 hound skeletons
  A worker ant zombie (D:6)
  10 gnolls
  16 adders
  A shadow imp (D:3)
  2 white imps
  2 ufetubi
  2 adder skeletons
  2 worms
  4 dart slugs
  6 leopard geckos
  16 orcs
  2 bats
  3 giant cockroaches
  5 goblins
  8 hobgoblins
  10 jackals
  2 quokkas
  A ball python zombie (D:1)
  3 frilled lizards
  A giant cockroach zombie (D:6)
  A jackal zombie (D:1)
  3 kobolds
  A leopard gecko zombie (D:6)
  A quokka zombie (D:7)
  5 rats
158 creatures vanquished.

Notes
Turn   | Place    | Note
-------+----------+-------------------------------------------
     0 | Abyss:1  | Gargoyl the Centaur Abyssal Knight began the quest for the
                  | Orb.
     0 | Abyss:1  | Reached XP level 1. HP: 19/19 MP: 2/2
   144 | D:1      | Escaped the Abyss
   710 | D:1      | Reached * piety under Lugonu
   795 | D:1      | Reached XP level 2. HP: 24/26 MP: 3/3
  1077 | D:1      | Reached skill level 1 in Dodging
  1563 | D:1      | Reached XP level 3. HP: 29/31 MP: 4/4
  1710 | D:2      | Reached skill level 2 in Armour
  1791 | D:2      | Found a shimmering altar of Xom.
  1791 | D:2      | Found a shimmering altar of Xom.
  1791 | D:2      | Found a shimmering altar of Xom.
  1793 | D:2      | Found a shimmering altar of Xom.
  2149 | D:2      | Reached XP level 4. HP: 28/38 MP: 5/5
  2297 | D:2      | Found a shattered altar of Ashenzari.
  3059 | D:3      | Reached ** piety under Lugonu
  3059 | D:3      | Reached XP level 5. HP: 15/45 MP: 7/7
  3797 | D:3      | Found a sacrificial altar of Ru.
  3852 | D:3      | You fall into a shaft and drop 2 floors!
  3852 | D:5      | Entered Level 5 of the Dungeon
  3950 | D:4      | Noticed an ogre
  4042 | D:4      | Killed an ogre
  4042 | D:4      | Reached skill level 3 in Armour
  4042 | D:4      | Reached XP level 6. HP: 15/52 MP: 8/8
  4350 | D:3      | Found a hazy altar of Hepliaklqana.
  5412 | D:4      | Reached XP level 7. HP: 54/59 MP: 9/9
  5561 | D:5      | Noticed a +0 hand axe
  5564 | D:5      | Noticed a +0 hand axe
  5565 | D:5      | Found a hide-covered altar of Uskayaw.
  5796 | D:5      | Reached *** piety under Lugonu
  6096 | D:5      | Reached skill level 4 in Armour
  6258 | D:6      | Reached XP level 8. HP: 43/67 MP: 11/11
  6621 | D:6      | Reached skill level 5 in Armour
  6759 | D:6      | Reached skill level 5 in Axes
  6829 | D:6      | Found a staircase to the Ecumenical Temple.
  6875 | D:6      | Reached skill level 5 in Invocations
  6883 | D:6      | Reached XP level 9. HP: 69/73 MP: 12/12
  6971 | D:6      | Noticed Menkaure
  6979 | D:6      | Killed Menkaure
  7181 | D:6      | Reached skill level 5 in Fighting
  7437 | D:7      | Reached **** piety under Lugonu
  7835 | D:7      | Reached skill level 6 in Armour
  8024 | D:7      | Reached skill level 1 in Shields
  8402 | D:8      | You fall into a shaft and drop 2 floors!
  8402 | D:10     | Entered Level 10 of the Dungeon
  8412 | D:10     | Noticed a two-headed ogre
  8480 | D:11     | Noticed a green ugly thing
  8525 | D:11     | Slain by a brown ugly thing

Illustrated notes

Levels and vault maps discovered:
D:1:      saegor_arrival_fortress, layout_basic, minmay_box_of_dots
D:2:      layout_basic, evilmike_ruin_ashenzari, xom_redecorated
D:3:      layout_basic, overflow_temple_1_default, first_ration,
          nicolae_ru_awakened_eye
D:4:      layout_layer_cave
D:5:      layout_cave_pools, dancing_weapons_uskayaw
D:6:      mumra_celtic_spiral_tile, layout_rooms,
          nicolae_overflow_hidden_temple, minmay_temple_entry_gardened_gates,
          grunt_ministairs_10, kennysheep_cluttered_room, uniq_menkaure
D:7:      layout_basic
D:8:      layout_loops_ring, nicolae_ossuary_entry_giza, uniq_grum, uniq_pikel
D:10:     layout_irregular_city, serial_shops, nicolae_shop_crystal,
          enter_trove_6
D:11:     layout_long_grid, special_room [special_room_orc]

Skill      XL: |  1  2  3  4  5  6  7  8  9 |
---------------+----------------------------+-----
Axes           | 2 3 4 5 |  5.9
Dodging        | 1 2 3 |  3.7
Armour         | 2 3 4 5 6 |  6.2
Invocations    | 3 4 5 |  5.5
Fighting       | 4 5 |  5.2
Shields        | 1 |  1.0
Evocations     | |  0.3

Action                   |  1- 3 |  4- 6 |  7- 9 || total
-------------------------+-------+-------+-------++-------
Melee: Hand axe          |   102 |   175 |   427 ||   704
       Kick              |    14 |    32 |   109 ||   155
Invok: Depart the Abyss  |     1 |       |       ||     1
       Bend Space        |       |       |     2 ||     2
Evoke: Wand              |       |     3 |    19 ||    22
  Use: Scroll            |     2 |     6 |     2 ||    10
       Potion            |       |       |     1 ||     1
  Eat: Ration            |     1 |     2 |     3 ||     6
Armor: Chain mail        |    62 |   147 |   436 ||   645
       Leather armour    |     1 |       |       ||     1
Dodge: Dodged            |    33 |    31 |    79 ||   143
Block: Buckler           |       |       |    62 ||    62

Table legend:
 A = Non-vault XP
 B = Vault XP
 C = Vault XP percentage of total XP
 D = Non-vault monster count
 E = Vault monster count
 F = Vault count percentage of total count
                 A         B        C        D         E       F
            +---------+---------+-------+---------+---------+-------
      Total |    3852 |     272 |   6.6 |     149 |       9 |   5.7
            +---------+---------+-------+---------+---------+-------
        D:1 |      36 |      12 |  25.0 |      14 |       6 |  30.0
        D:2 |      87 |       0 |   0.0 |      20 |       0 |   0.0
        D:3 |     147 |       0 |   0.0 |      18 |       0 |   0.0
        D:4 |     575 |       0 |   0.0 |      24 |       0 |   0.0
        D:5 |     356 |       0 |   0.0 |      18 |       0 |   0.0
        D:6 |    1855 |     260 |  12.3 |      30 |       3 |   9.1
        D:7 |     697 |       0 |   0.0 |      22 |       0 |   0.0
        D:8 |      11 |       0 |   0.0 |       2 |       0 |   0.0
       D:10 |      88 |       0 |   0.0 |       1 |       0 |   0.0
            +---------+---------+-------+---------+---------+-------
